Map: Oceanborn LE

Players

Drop - Winner!

  • Race: Protoss Protoss
  • League: Diamond
  • Spawn Location: 11:00

SubN

  • Race: Zerg Zerg
  • League: Diamond
  • Spawn Location: 5:00

VOD

Have the link to the VOD?

Description

Time

  • Played on: Nov. 17, 2023, 5:23 p.m.
  • Length: 10:17
Show
View Real Time Build Order
Export as new Build Order

Drop Protoss - Winner!

Build Orders: 1 Gate Expand 

Get SALT Encoding   

  12  0:00  Probe (Chrono Boost)  
  13  0:09  Probe (Chrono Boost)  
  14  0:14  Probe (Chrono Boost)  
  15  0:21  Pylon  
  15  0:39  Gateway, Probe  
  16  0:51  Probe  
  17  1:03  Probe (Chrono Boost)  
  18  1:14  Probe (Chrono Boost)  
  19  1:21  Nexus  
  19  1:22  Probe  
  19  1:25  Assimilator  
  20  1:33  Cybernetics Core  
  20  1:36  Probe  
  21  1:43  Assimilator  
  21  1:49  Probe  
  22  1:56  Gateway  
  22  2:02  Pylon  
  22  2:03  Probe  
  23  2:20  Probe, Adept  
  26  2:32  Robotics Facility  
  26  2:33  Probe (Chrono Boost)  
  26  2:34  Probe (Chrono Boost)  
  28  2:39  Warp Gate  
  28  2:43  Probe x2 (Chrono Boost)  
  30  2:45  Adept  
  30  2:48  Probe (Chrono Boost)  
  30  2:49  Probe (Chrono Boost)  
  34  2:58  Probe  
  34  2:59  Adept  
  34  3:01  Probe  
  38  3:10  Probe  
  38  3:11  Pylon  
  39  3:13  Probe  
  39  3:18  Adept  
  42  3:22  Probe  
  42  3:25  Probe  
  42  3:26  Immortal (Chrono Boost)  
  44  3:32  Adept  
  50  3:38  Probe (Chrono Boost)  
  50  3:39  Probe (Chrono Boost)  
  54  3:49  Probe (Chrono Boost)  
  54  3:50  Probe (Chrono Boost)  
  54  4:00  Nexus  
  54  4:04  Assimilator  
  54  4:08  Pylon  
  54  4:09  Assimilator  
  54  4:13  Pylon  
  54  4:26  Stargate, Probe x2  
  54  4:29  Observer  
  58  4:38  Probe  
  58  4:57  Probe x2  
  60  5:02  Pylon  
  56  5:09  Probe  
  56  5:11  Stalker  
  63  5:16  Probe x2  
  63  5:17  Robotics Facility  
  63  5:19  Void Ray, Adept  
  63  5:20  Pylon  
  67  5:21  Probe  
  67  5:22  Immortal  
  67  5:24  Pylon  
  72  5:35  Protoss Air Weapons Level 1  
  70  5:36  Probe x3  
  73  5:48  Probe x3  
  76  5:56  Adept  
  76  5:57  Adept  
  80  6:00  Probe x3  
  80  6:03  Phoenix  
  85  6:10  Robotics Bay  
  85  6:12  Probe x3  
  85  6:15  Robotics Facility  
  85  6:17  Adept x2  
  92  6:22  Pylon  
  92  6:24  Probe  
  92  6:25  Pylon  
  93  6:26  Assimilator  
  93  6:30  Gateway, Assimilator  
  93  6:32  Phoenix  
  95  6:34  Immortal  
  95  6:35  Probe  
  95  6:36  Probe x2  
  95  6:37  Gateway  
  102  6:42  Forge  
  102  6:48  Probe  
  102  6:49  Probe  
  104  6:55  Adept  
  104  6:56  Adept  
  104  6:57  Pylon  
  114  7:02  Colossus (Chrono Boost)  
  114  7:03  Colossus (Chrono Boost)  
  114  7:06  Phoenix (Chrono Boost)  
  122  7:15  Pylon  
  122  7:18  Extended Thermal Lance (Chrono Boost)  
  122  7:19  Pylon, Protoss Ground Weapons Level 1 (Chrono Boost)  
  122  7:22  Photon Cannon  
  122  7:24  Adept x2, Photon Cannon  
  122  7:27  Photon Cannon  
  126  7:32  Photon Cannon  
  126  7:38  Colossus (Chrono Boost)  
  126  7:41  Adept x2  
  136  7:47  Phoenix  
  138  8:04  Stalker x2  
  142  8:08  Nexus  
  142  8:09  Pylon  
  142  8:12  Pylon  
  142  8:15  Colossus  
  142  8:19  Probe  
  149  8:25  Pylon  
  149  8:27  Colossus, Probe x2  
  157  8:43  Probe x2  
  157  8:44  Colossus  
  157  8:45  Photon Cannon  
  157  8:46  Phoenix, Photon Cannon  
  167  8:49  Stalker x2  
  171  9:15  Stalker  
  173  9:20  Pylon  
  173  9:23  Pylon  
  173  9:30  Photon Cannon  
  172  9:32  Nexus  
  172  9:33  Pylon  
  172  9:34  Photon Cannon  
  172  9:35  Photon Cannon  
  172  9:36  Pylon  
  190  9:46  Stalker x2  
  190  10:09  Fleet Beacon  
Show
View Real Time Build Order
Export as new Build Order

SubN Zerg 

Build Orders: Hatch First 

Get SALT Encoding   

  12  0:00  Drone  
  13  0:12  Overlord  
  13  0:17  Drone  
  14  0:31  Drone x2  
  16  0:48  Hatchery  
  15  0:55  Drone x2  
  17  1:01  Drone  
  18  1:05  Extractor  
  17  1:17  Spawning Pool  
  17  1:18  Drone  
  17  1:20  Drone  
  18  1:50  Drone x3  
  21  2:01  Overlord  
  21  2:13  Queen  
  23  2:17  Queen  
  23  2:21  Drone x3  
  28  2:25  Metabolic Boost  
  28  2:28  Zergling x2  
  29  2:31  Zergling x2  
  29  2:33  Zergling x2  
  29  2:36  Zergling x2  
  32  2:57  Hatchery  
  31  3:13  Queen  
  31  3:15  Overlord  
  31  3:19  Drone x2  
  36  3:20  Drone  
  36  3:32  Overlord, Queen  
  38  3:45  Drone x2  
  38  3:46  Drone  
  38  3:48  Drone x3  
  43  3:58  Queen  
  46  4:02  Drone  
  46  4:03  Drone x5  
  46  4:09  Spine Crawler  
  50  4:13  Evolution Chamber  
  50  4:15  Evolution Chamber  
  49  4:17  Zergling x4  
  49  4:18  Zergling x2  
  49  4:22  Queen  
  53  4:39  Overlord  
  53  4:41  Zerg Melee Weapons Level 1  
  53  4:42  Zerg Ground Armor Level 1  
  53  4:44  Zergling x2  
  53  4:45  Zergling x10  
  54  5:12  Drone x11  
  54  5:13  Baneling Nest  
  64  5:17  Extractor  
  64  5:19  Extractor  
  59  5:41  Extractor  
  58  5:44  Drone  
  58  5:45  Drone x7  
  66  5:51  Lair  
  66  5:55  Overlord x4  
  66  6:13  Queen  
  66  6:15  Spore Crawler  
  66  6:16  Spore Crawler  
  66  6:18  Spore Crawler  
  66  6:21  Spore Crawler x2  
  66  6:23  Spore Crawler  
  66  6:25  Spore Crawler x2  
  61  6:28  Spore Crawler  
  59  6:35  Drone, Spore Crawler  
  59  6:37  Drone  
  59  6:38  Drone x13  
  73  6:42  Extractor x2  
  71  6:50  Spire  
  71  6:51  Drone x3  
  71  6:52  Drone  
  74  6:56  Zergling x2  
  74  6:59  Zerg Melee Weapons Level 2  
  75  7:01  Zergling x2  
  75  7:02  Zergling x4  
  78  7:19  Zergling x2  
  79  7:26  Zergling x6  
  79  7:29  Overlord x2  
  82  7:30  Overlord x2  
  82  7:35  Hatchery  
  80  7:42  Zergling x2  
  80  7:43  Zergling x2  
  82  7:54  Baneling x5  
  82  7:55  Baneling x5  
  82  7:57  Overlord x2  
  81  8:02  Drone x4  
  81  8:03  Zergling x6  
  81  8:04  Zergling x10  
  93  8:06  Zerg Flyer Weapons Level 1  
  93  8:22  Centrifugal Hooks, Corruptor  
  93  8:23  Corruptor x3  
  93  8:26  Overseer  
  101  8:29  Overseer  
  101  8:32  Corruptor  
  102  8:46  Corruptor  
  102  8:47  Corruptor x3  
  108  9:03  Zergling x16  
  108  9:04  Zergling x2  
  108  9:08  Corruptor  
  117  9:15  Overlord x3  
  117  9:20  Overseer  
  117  9:40  Corruptor x5  
Tags
 
Add a new tag
Caveats
  • Supply blocks, unpowered buildings, or Contaminate may cause inaccurate times.
  • Supply counts are checked every 10 seconds.